Map: Arctic Dream LE

Players

Theta

  • Race: Zerg Zerg
  • League: Diamond
  • Spawn Location: 5:00

IIIIIIIIII

  • Race: Terran Terran
  • League: Platinum
  • Spawn Location: 6:00

Massa - Winner!

  • Race: Terran Terran
  • League: Platinum
  • Spawn Location: 11:00

qqq - Winner!

  • Race: Zerg Zerg
  • League: Platinum
  • Spawn Location: 12:00

VOD

Have the link to the VOD?

Description

Time

  • Played on: Dec. 10, 2020, 2:31 p.m.
  • Length: 25:12
Show
View Real Time Build Order
Export as new Build Order

Theta Zerg 

Build Orders: Hatch First, Zergling Baneling 

Get SALT Encoding   

  12  0:01  Drone  
  13  0:12  Overlord  
  13  0:19  Drone  
  14  0:31  Drone x2  
  14  0:35  Drone  
  17  0:46  Drone  
  18  0:58  Hatchery, Drone  
  18  1:04  Extractor  
  17  1:07  Drone  
  18  1:17  Spawning Pool  
  17  1:39  Drone  
  19  1:40  Drone  
  19  1:41  Overlord  
  19  1:53  Drone  
  20  2:03  Queen  
  20  2:07  Metabolic Boost, Zergling x2  
  23  2:10  Queen  
  23  2:11  Zergling x2  
  23  2:14  Zergling x2  
  27  2:21  Overlord  
  27  2:30  Zergling x2, Baneling Nest  
  27  2:39  Zergling x2  
  27  2:40  Zergling x2  
  29  2:50  Zergling x4  
  31  2:53  Zergling x2  
  31  2:55  Zergling x2  
  33  3:09  Zergling x4  
  35  3:21  Zergling x10  
  35  3:22  Zergling x4  
  42  3:32  Baneling  
  42  3:33  Baneling x5  
  42  3:36  Zergling x2  
  42  3:37  Zergling x2  
  44  3:51  Overlord x2  
  43  4:08  Zergling x2  
  43  4:09  Zergling x10  
  47  4:14  Baneling  
  47  4:15  Baneling x3  
  47  4:23  Zergling x2  
  47  4:24  Zergling x4  
  43  4:45  Zergling x8  
  45  4:53  Zergling x4  
  44  5:05  Baneling x4  
  44  5:07  Zergling x4  
  44  5:08  Zergling x2  
  40  5:26  Zergling x6  
  42  5:30  Baneling x3  
  28  6:11  Roach Warren  
  27  6:12  Spine Crawler  
  27  6:13  Spine Crawler  
  27  6:14  Drone, Spine Crawler  
  27  6:15  Drone x5  
  27  6:17  Evolution Chamber  
  29  6:31  Drone  
  29  6:32  Drone  
  31  6:47  Hatchery  
  30  7:04  Drone  
  30  7:05  Drone x7  
  36  7:21  Extractor  
  33  7:23  Extractor  
  33  7:26  Zerg Missile Weapons Level 1  
  33  7:29  Zergling x6  
  35  7:30  Zergling x4  
  37  7:40  Lair  
  37  7:42  Drone x3  
  37  7:43  Drone  
  41  8:01  Drone x2  
  41  8:02  Drone x2  
  41  8:05  Queen  
  47  8:13  Evolution Chamber  
  47  8:15  Roach x3  
  52  8:21  Overlord  
  52  8:30  Spore Crawler  
  52  8:33  Spore Crawler  
  49  8:35  Spore Crawler  
  49  8:38  Spore Crawler  
  45  8:48  Spore Crawler  
  41  8:55  Zerg Ground Armor Level 1  
  41  8:59  Hydralisk Den  
  41  9:00  Spore Crawler  
  39  9:12  Roach x9  
  57  9:36  Muscular Augments  
  57  9:37  Zerg Missile Weapons Level 2  
  57  9:40  Overlord x2  
  55  10:02  Hydralisk  
  55  10:03  Hydralisk x5  
  63  10:17  Queen  
  63  10:20  Queen  
  67  10:25  Drone  
  67  10:26  Drone  
  69  10:32  Glial Reconstitution  
  69  10:34  Drone  
  70  10:40  Drone x2  
  70  10:42  Drone  
  73  10:45  Ravager  
  74  10:56  Overlord  
  74  10:57  Overlord  
  74  11:13  Overseer  
  74  11:14  Queen  
  76  11:19  Zerg Ground Armor Level 2  
  76  11:21  Drone x3  
  79  11:46  Hydralisk  
  79  11:47  Hydralisk x4  
  79  11:50  Overlord x2  
  89  12:00  Overseer  
  90  12:22  Drone  
  90  12:23  Drone x8  
  90  12:28  Extractor  
  90  12:29  Extractor, Overlord x3  
  96  12:35  Ravager x2  
  98  12:38  Overlord  
  98  12:40  Hatchery  
  98  12:42  Pneumatized Carapace  
  97  12:45  Grooved Spines  
  97  12:48  Overseer  
  97  13:09  Hydralisk x7  
  107  13:33  Ravager  
  107  13:34  Ravager x5  
  113  13:46  Drone  
  113  13:47  Drone x5, Queen  
  121  13:53  Queen  
  121  13:54  Overlord x2  
  121  13:55  Overlord x2  
  123  14:01  Spore Crawler  
  123  14:02  Spore Crawler  
  121  14:04  Spore Crawler  
  121  14:05  Spore Crawler  
  119  14:15  Drone  
  119  14:16  Drone  
  121  14:29  Hydralisk  
  121  14:30  Hydralisk x6  
  136  14:40  Hydralisk Den  
  136  14:45  Zerg Melee Weapons Level 1  
  135  14:46  Infestation Pit  
  132  14:53  Hatchery  
  132  14:55  Overseer  
  132  14:56  Overseer  
  131  15:13  Hydralisk x3  
  137  15:17  Overlord  
  137  15:18  Overlord x2  
  132  15:29  Hydralisk x2  
  132  15:30  Hydralisk  
  138  15:42  Hydralisk  
  116  15:55  Hydralisk  
  116  15:56  Hydralisk x6  
  124  16:09  Hydralisk  
  124  16:10  Hydralisk x2  
  130  16:14  Overlord  
  125  16:20  Overseer x3  
  121  16:28  Ravager  
  95  16:44  Hydralisk x4  
  95  16:45  Hydralisk x3  
  87  17:06  Hydralisk x5  
  77  17:15  Drone x2  
  77  17:16  Drone, Queen  
  81  17:25  Spore Crawler  
  80  17:31  Spore Crawler  
  80  17:32  Spore Crawler  
  80  17:35  Hydralisk x2  
  82  17:48  Drone x2  
  84  18:06  Hydralisk x7  
  98  18:14  Extractor  
  98  18:17  Hive  
  73  19:02  Hydralisk  
  73  19:03  Hydralisk x12  
  73  19:08  Drone x4  
  101  19:13  Extractor  
  101  19:14  Extractor, Hydralisk  
  97  19:37  Roach x7  
  109  19:51  Roach x3  
  97  20:24  Roach x11  
  97  20:27  Ravager x2  
  97  20:28  Ravager x2  
  109  20:49  Roach x6  
  80  21:27  Roach  
  80  21:28  Roach x9  
  78  21:40  Drone  
  78  21:41  Drone x5  
  84  21:53  Ravager x2  
  84  21:54  Ravager x5  
  90  21:57  Ravager x2  
  90  21:58  Ravager  
  87  22:18  Hydralisk x3  
  93  22:38  Hatchery  
  92  22:59  Overseer x2  
  92  23:06  Hydralisk x6  
  92  23:09  Drone x10  
  111  23:42  Roach  
  111  23:43  Roach x7  
  127  23:48  Overlord x2  
  127  23:49  Overlord  
  127  23:50  Overlord  
  121  24:07  Hydralisk, Roach  
  121  24:08  Hydralisk x5  
  130  24:24  Hydralisk  
  130  24:25  Hydralisk x4  
  124  24:45  Hydralisk  
  114  24:46  Hydralisk x5  
Show
View Real Time Build Order
Export as new Build Order

IIIIIIIIII Terran 

Build Orders: 2 Factory 

Get SALT Encoding   

  12  0:00  SCV  
  13  0:12  SCV  
  14  0:17  Supply Depot  
  14  0:24  SCV  
  15  0:39  SCV  
  15  0:40  Barracks  
  16  0:45  Refinery  
  16  0:51  SCV  
  16  0:55  Refinery  
  17  1:03  SCV  
  18  1:19  SCV  
  19  1:28  Supply Depot  
  19  1:32  Reaper  
  20  1:33  Orbital Command  
  20  1:53  Factory  
  20  1:59  SCV  
  21  2:08  Reaper  
  22  2:12  SCV  
  23  2:16  Factory  
  23  2:24  SCV  
  24  2:36  SCV  
  25  2:48  SCV  
  25  2:50  Reaper  
  25  2:51  Hellion  
  29  3:03  SCV  
  30  3:14  Hellion  
  30  3:19  Supply Depot x2  
  31  3:25  SCV, Hellion, Reaper  
  35  3:39  Hellion  
  37  3:46  Starport, Hellion  
  37  4:10  Hellion  
  37  4:11  Hellion  
  37  4:31  Barracks Tech Lab  
  37  4:32  Hellion  
  39  4:38  Command Center  
  37  5:00  Hellion, Viking  
  36  5:12  Infernal Pre-Igniter  
  36  5:14  Cyclone  
  39  5:20  Supply Depot  
  39  5:22  Supply Depot  
  39  5:23  Barracks Tech Lab  
  33  5:46  Cyclone  
  36  5:52  Factory  
  36  5:59  Barracks Reactor  
  36  6:07  SCV  
  36  6:09  Orbital Command  
  37  6:12  Refinery  
  35  6:24  Cyclone  
  41  6:40  Cyclone  
  41  6:56  Cyclone  
  41  7:04  Mag-Field Accelerator  
  41  7:06  Factory  
  41  7:38  Cyclone x2  
  41  7:41  Armory  
  47  7:59  Hellion x2  
  51  8:10  Cyclone, Hellion  
  56  8:14  Liberator  
  54  8:34  Terran Vehicle And Ship Armor Level 1  
  54  8:36  Engineering Bay  
  54  8:41  Engineering Bay  
  54  8:46  Cyclone  
  57  8:51  SCV  
  57  8:52  SCV  
  57  8:54  Factory Tech Lab  
  59  8:59  Refinery  
  44  9:40  Thor x2  
  44  9:41  Cyclone  
  47  9:48  Hellion x2  
  51  9:57  Missile Turret  
  48  10:00  Missile Turret  
  48  10:02  Missile Turret  
  48  10:13  Cyclone  
  51  10:18  SCV x2  
  53  10:24  Missile Turret x2  
  49  10:29  Hellion x2  
  53  10:41  Missile Turret  
  53  10:44  SCV x2  
  55  10:55  Cyclone  
  55  10:56  Siege Tank x2  
  64  11:13  Terran Vehicle Weapons Level 1  
  64  11:20  Armory  
  64  11:22  Hellion x2  
  68  11:30  Command Center  
  68  11:44  Hellion x2  
  72  11:49  Thor, Siege Tank  
  72  11:51  Cyclone  
  84  12:05  Hellion  
  86  12:26  Cyclone  
  79  12:40  Hellion x2  
  83  12:57  SCV x2  
  85  13:06  Thor  
  85  13:09  SCV x2  
  89  13:41  Siege Tank x2  
  85  13:42  Terran Vehicle Weapons Level 2  
  85  13:46  Terran Vehicle And Ship Armor Level 2  
  90  13:48  Hellion  
  90  13:49  Hellion  
  92  14:00  Command Center  
  87  14:18  Hellion x2  
  91  14:25  Planetary Fortress  
  77  14:56  Fusion Core  
  77  14:58  Starport x2  
  77  14:59  Thor, Siege Tank  
  80  15:01  Hellion x3  
  81  15:53  Thor x2  
  89  15:58  Thor  
  89  16:01  SCV x3  
  98  16:17  Hellion x2  
  98  16:30  Marine  
  90  16:50  Thor x2  
  90  16:51  Hellion x3  
  99  17:12  Hellion  
  80  17:35  Hellion x2  
  57  18:06  Siege Tank x2  
  57  18:11  Terran Vehicle And Ship Armor Level 3  
  63  18:17  SCV  
  63  18:18  Refinery, SCV x2  
  63  18:19  Refinery  
  66  18:23  Starport Tech Lab x2  
  66  18:24  Weapon Refit  
  66  18:38  Missile Turret  
  66  18:42  Sensor Tower  
  49  19:21  Siege Tank x2  
  49  19:22  Hellion x3  
  59  19:33  SCV x3  
  62  19:43  Battlecruiser  
  68  19:46  Hellion x2  
  54  20:07  Hellion  
  54  20:08  Hellion  
  54  20:13  Hellion x2  
  62  20:17  SCV  
  62  20:18  SCV x2  
  62  20:20  Orbital Command  
  65  20:30  SCV x2  
  63  20:45  Siege Tank  
  34  21:37  Siege Tank  
  31  21:46  SCV  
  33  21:47  SCV x3  
  29  22:35  Neosteel Armor  
  29  23:03  Thor  
  29  23:05  SCV x2  
  37  23:09  Sensor Tower  
  37  23:44  Command Center  
  37  23:49  Thor  
  37  23:50  Thor  
  37  23:51  Thor  
  55  24:04  Hellion  
  55  24:05  Hellion  
  44  24:33  Siege Tank  
Show
View Real Time Build Order
Export as new Build Order

Massa Terran - Winner!

Build Orders:  

Get SALT Encoding   

  12  0:00  SCV  
  13  0:12  SCV  
  14  0:17  Supply Depot  
  14  0:24  SCV  
  15  0:38  SCV  
  15  0:40  Barracks  
  16  0:50  SCV  
  16  0:57  Supply Depot  
  17  1:03  SCV  
  18  1:15  SCV  
  19  1:44  Command Center  
  19  2:05  Marine  
  19  2:06  Orbital Command  
  19  2:09  Refinery  
  19  2:10  Refinery  
  19  2:19  Barracks  
  19  2:24  Engineering Bay  
  19  2:26  Barracks  
  19  2:27  Marine  
  19  2:45  Marine  
  20  2:55  Missile Turret  
  19  3:16  Barracks Reactor, Barracks Tech Lab  
  19  3:19  SCV  
  21  3:21  Orbital Command  
  21  3:23  Reaper  
  21  3:31  SCV  
  22  3:40  Marine  
  23  3:52  Factory  
  23  3:55  Marine  
  24  3:58  Marine  
  22  4:04  Marine  
  22  4:05  Marine  
  22  4:16  Marauder  
  17  4:19  Marine  
  17  4:22  Marine x2  
  8  4:37  Marine x2  
  7  4:51  Orbital Command  
    5:19  SCV  
  1  5:31  SCV  
  1  5:32  SCV  
  3  5:47  Supply Depot  
  3  5:51  SCV  
  4  5:59  SCV  
  4  6:02  Marine  
  6  6:06  Marine  
  7  6:12  SCV  
  7  6:14  SCV  
  9  6:24  SCV  
  10  6:28  Marine  
  10  6:31  Bunker  
  11  6:36  SCV  
  12  6:40  SCV  
  13  6:48  SCV  
  13  6:52  Marine  
  13  6:53  SCV  
  16  7:08  SCV x2  
  18  7:10  Marine  
  19  7:18  Marine  
  19  7:19  Marine  
  19  7:20  SCV x2  
  19  7:22  Stimpack  
  23  7:32  SCV x2  
  25  8:01  Factory  
  25  8:06  Marine x4  
  25  8:07  SCV  
  25  8:08  SCV  
  31  8:17  Bunker  
  31  8:19  SCV  
  32  8:20  SCV  
  32  8:24  Marine  
  34  8:31  Marine  
  34  8:32  SCV x2  
  37  8:34  Supply Depot  
  37  8:44  SCV  
  38  8:51  Supply Depot  
  38  8:55  Factory Tech Lab  
  38  8:56  SCV x2, Marauder  
  38  8:57  Starport  
  42  9:08  SCV x2  
  42  9:09  Supply Depot  
  44  9:10  Missile Turret  
  44  9:15  Siege Tank  
  47  9:17  Marine  
  47  9:20  Combat Shield  
  48  9:26  Missile Turret  
  48  9:39  Medivac  
  50  9:48  SCV x2  
  52  9:55  Command Center  
  52  9:57  Siege Tank  
  52  9:58  Marine  
  52  9:59  Marine x3  
  59  10:00  SCV x2  
  61  10:12  SCV  
  62  10:16  Refinery  
  62  10:18  Supply Depot  
  62  10:21  Supply Depot  
  62  10:23  Supply Depot  
  62  10:25  Refinery  
  62  10:33  Barracks Tech Lab  
  62  10:40  SCV x2, Liberator  
  62  10:42  Missile Turret  
  67  10:48  Sensor Tower  
  67  10:52  SCV x2  
  69  11:04  SCV x2  
  69  11:06  Supply Depot x2  
  69  11:08  Supply Depot  
  69  11:09  Supply Depot  
  71  11:16  SCV x2  
  73  11:23  Concussive Shells  
  73  11:28  Orbital Command, SCV x2  
  75  11:41  SCV x2  
  75  11:44  Siege Tank  
  80  11:53  SCV  
  78  12:02  Marauder x2, Marine  
  78  12:03  Marine  
  84  12:16  Siege Tank  
  84  12:20  Marine  
  84  12:21  SCV x3  
  89  12:24  Marauder x2  
  89  12:26  Factory  
  93  12:33  SCV x2  
  95  12:39  Starport Reactor  
  95  12:40  SCV  
  96  12:45  SCV x2, Marauder x2  
  96  12:46  Barracks  
  102  12:51  Supply Depot  
  102  12:52  SCV  
  102  12:54  Supply Depot  
  102  12:55  Sensor Tower  
  102  12:56  Siege Tank  
  102  12:57  SCV x2, Marine x2  
  110  13:05  SCV  
  111  13:06  Marauder  
  111  13:07  Marauder  
  111  13:09  SCV  
  116  13:15  Marine x2  
  118  13:28  Factory Tech Lab, Marauder x2  
  118  13:33  Marine x2  
  120  13:49  Marauder x2  
  120  13:50  Medivac x2  
  120  13:51  Marine  
  116  14:11  Marauder x2, Marine x2  
  122  14:19  Siege Tank x2  
  122  14:20  Medivac  
  130  14:27  Medivac  
  130  14:29  Marine x2  
  120  14:32  Marauder  
  120  14:33  Marauder  
  116  14:47  Marine x2  
  116  14:49  Barracks x2  
  116  14:50  Barracks, Medivac  
  116  14:51  Siege Tank x2  
  120  14:54  Marauder x2  
  120  15:04  Marine  
  120  15:05  Marine  
  119  15:15  Marauder  
  119  15:16  Marauder  
  119  15:20  Refinery  
  123  15:22  Refinery  
  123  15:23  Siege Tank  
  97  15:34  Command Center  
  97  15:36  Marauder  
  97  15:39  Marauder, Marine  
  97  15:40  Marine x5  
  81  15:52  Medivac x2  
  81  15:56  Siege Tank  
  86  15:57  Marine, Siege Tank  
  86  15:58  Marauder, Marine x5  
  86  16:00  Marauder  
  99  16:15  Marine x5  
  99  16:16  Marine  
  105  16:19  Marauder  
  105  16:21  Marauder  
  105  16:22  Medivac  
  103  16:28  Siege Tank  
  103  16:29  Missile Turret  
  106  16:33  Marine x6  
  112  16:41  Marauder  
  112  16:43  Marauder  
  102  16:50  Missile Turret  
  102  16:51  Marine x4  
  106  16:59  Command Center  
  106  17:02  Marauder, Marine x2  
  106  17:04  Marauder  
  112  17:08  Marine  
  112  17:09  Marine x3  
  115  17:20  Marine x2  
  105  17:23  Marauder, Medivac x2  
  105  17:26  Marauder, Marine  
  105  17:27  Marine x3  
  105  17:28  Planetary Fortress  
  108  17:37  Marine  
  108  17:38  Marine  
  110  17:44  SCV, Marine  
  110  17:45  SCV x2, Marauder  
  110  17:47  Marauder  
  117  17:52  Barracks Reactor  
  117  17:56  Barracks Reactor, SCV  
  117  17:57  Barracks Reactor, SCV x2  
  152  17:58  Medivac x2  
  119  18:00  Widow Mine x2  
  127  18:06  Marauder  
  127  18:08  Marauder  
  127  18:09  SCV x4  
  135  18:15  Missile Turret  
  135  18:21  SCV x4, Sensor Tower, Siege Tank x2  
  145  18:27  Marauder  
  145  18:30  Marauder  
  145  18:33  SCV x3  
  145  18:34  SCV  
  153  18:45  SCV x2  
  155  18:49  Marauder  
  155  18:51  Marauder, Command Center  
  155  18:53  Siege Tank  
  164  19:10  Siege Tank  
  140  19:25  Marauder x2  
  140  19:27  Marine x8  
  140  19:28  Marine, Siege Tank  
  152  19:42  Siege Tank  
  152  19:43  Medivac x2  
  152  19:45  Marine x5  
  164  20:00  Marauder  
  164  20:02  Marine x4, Siege Tank  
  164  20:03  Marauder  
  173  20:13  Viking x2  
  173  20:14  Siege Tank  
  174  20:21  Marauder  
  174  20:24  Marauder  
  174  20:29  Terran Infantry Armor Level 1  
  174  20:32  Armory  
  174  20:33  Engineering Bay  
  169  20:40  Planetary Fortress  
  169  20:41  SCV  
  169  20:42  SCV x3  
  175  20:43  Marauder  
  175  20:45  Marauder  
  175  20:46  Refinery  
  175  20:49  Refinery  
  177  20:53  SCV  
  177  20:54  SCV  
  179  20:57  SCV x2  
  165  21:04  Marauder  
  165  21:06  SCV x2  
  165  21:07  Marauder  
  165  21:09  SCV x2  
  160  21:12  Marine x3  
  160  21:13  Marine x3  
  160  21:14  Viking x2  
  160  21:18  SCV  
  171  21:21  SCV  
  160  21:25  Marauder  
  160  21:28  Marauder  
  149  21:43  Marine  
  149  21:44  Marine x8, Viking x2  
  161  21:47  Marauder  
  161  21:49  Marauder  
  138  22:01  Marine x2  
  138  22:02  Marine x2  
  138  22:03  Marine x4  
  138  22:06  Siege Tank x2  
  154  22:08  Marauder  
  154  22:11  Marauder  
  150  22:22  Medivac x2  
  154  22:25  Refinery  
  154  22:26  Refinery  
  156  22:30  Marauder  
  156  22:32  Barracks x2, Marauder  
  156  22:33  Factory  
  156  22:34  Barracks Tech Lab  
  156  22:36  Barracks  
  158  22:37  Smart Servos  
  158  22:38  Siege Tank x2  
  158  22:40  Terran Infantry Armor Level 2, Terran Infantry Weapons Level 1  
  164  22:44  Armory, Terran Vehicle Weapons Level 1  
  164  22:51  Marauder  
  164  22:52  Viking x2  
  164  22:54  Marauder  
  170  23:04  Marauder, Marine x7  
  179  23:12  Supply Depot x5  
  179  23:13  Supply Depot x5  
  179  23:14  Supply Depot x4  
  179  23:15  Supply Depot  
  179  23:16  Supply Depot  
  179  23:17  Command Center  
  179  23:22  Factory Tech Lab  
  179  23:23  Barracks Reactor, Barracks Tech Lab  
  179  23:24  Barracks Reactor  
  179  23:33  Marauder x3, Marine x3, Siege Tank x2  
  194  23:39  Supply Depot  
  194  23:52  Marauder, Marine x4  
  187  24:50  Marauder x4  
Show
View Real Time Build Order
Export as new Build Order

qqq Zerg - Winner!

Build Orders: Hatch First 

Get SALT Encoding   

  12  0:00  Drone  
  13  0:10  Drone  
  14  0:30  Overlord  
  14  0:44  Hatchery  
  14  0:47  Drone  
  14  0:52  Drone  
  14  0:55  Drone  
  16  1:04  Drone  
  17  1:18  Spawning Pool  
  16  1:34  Drone  
  16  1:36  Extractor, Drone x2  
  18  1:45  Drone  
  19  1:56  Drone  
  19  2:00  Overlord  
  20  2:05  Queen  
  20  2:06  Queen  
  24  2:09  Drone  
  25  2:21  Roach Warren  
  24  2:23  Drone  
  24  2:25  Drone  
  24  2:29  Zergling x2  
  27  2:33  Drone  
  28  2:37  Metabolic Boost  
  28  2:41  Zergling x2  
  30  2:44  Zergling x2  
  30  2:49  Drone  
  30  2:51  Zergling x2  
  32  3:04  Zergling x2  
  33  3:06  Drone x2  
  35  3:15  Extractor, Lair  
  34  3:23  Roach  
  34  3:26  Overlord x3  
  36  3:44  Roach x2  
  36  3:46  Zergling x4  
  36  3:47  Zergling x2  
  43  3:52  Spine Crawler  
  43  3:55  Spine Crawler  
  41  4:09  Roach x2  
  41  4:26  Roach x2  
  41  4:27  Zergling x2  
  41  4:28  Zergling x4  
  41  4:29  Zergling x2  
  43  4:46  Roach  
  43  4:47  Zergling x2  
  46  4:53  Roach  
  46  4:56  Zergling x4  
  50  5:11  Roach  
  50  5:12  Roach x2  
  55  5:30  Drone x2  
  55  5:31  Roach  
  55  5:34  Drone  
  55  5:35  Drone  
  54  6:00  Drone x6  
  49  6:23  Spire, Overlord x4  
  46  6:40  Queen  
  48  7:05  Drone x3  
  48  7:07  Drone x2  
  48  7:08  Drone x8  
  58  7:11  Extractor x2  
  57  7:32  Spine Crawler  
  57  7:33  Drone  
  57  7:34  Drone  
  57  7:35  Mutalisk x2  
  57  7:36  Mutalisk  
  64  7:43  Mutalisk  
  62  8:00  Mutalisk  
  62  8:01  Mutalisk  
  62  8:03  Drone x2  
  62  8:05  Overlord x2  
  68  8:08  Zerg Flyer Weapons Level 1  
  68  8:41  Drone x5  
  63  8:48  Mutalisk x4  
  69  8:52  Drone, Spine Crawler  
  73  8:56  Spine Crawler  
  73  9:00  Mutalisk  
  74  9:10  Drone x2  
  74  9:12  Mutalisk  
  72  9:34  Mutalisk  
  72  9:35  Mutalisk  
  70  9:45  Overlord  
  60  10:00  Hatchery  
  51  10:08  Mutalisk x2  
  51  10:10  Drone x3  
  54  10:31  Drone  
  55  10:40  Infestation Pit  
  54  10:43  Mutalisk x2  
  54  10:44  Overlord  
  54  10:46  Drone x2  
  58  10:55  Zergling x2  
  58  10:56  Zergling x2  
  58  11:03  Zerg Flyer Armor Level 1  
  58  11:07  Roach  
  58  11:11  Hatchery  
  59  11:14  Drone x3  
  59  11:15  Drone x2  
  59  11:18  Mutalisk  
  68  11:26  Drone x2  
  68  11:32  Roach  
  72  11:34  Drone  
  72  11:37  Zergling x4  
  72  11:38  Zergling x2  
  72  11:39  Zergling x2  
  77  11:51  Spine Crawler  
  77  11:52  Spine Crawler  
  72  11:56  Roach x5  
  82  12:05  Hive  
  82  12:28  Drone  
  83  12:30  Queen  
  84  12:41  Drone  
  84  12:43  Mutalisk x4  
  93  12:52  Hatchery  
  87  13:19  Mutalisk x3  
  77  13:32  Greater Spire  
  77  13:33  Drone x3  
  80  13:35  Mutalisk x3  
  80  13:36  Mutalisk  
  88  13:45  Drone  
  88  13:46  Corruptor x2  
  88  13:48  Overlord x4  
  93  13:59  Corruptor  
  93  14:00  Corruptor  
  93  14:02  Drone  
  88  14:41  Drone x2  
  88  14:42  Drone x4  
  86  14:56  Corruptor  
  86  14:57  Corruptor x4  
  86  14:59  Drone x2  
  98  15:08  Hatchery  
  97  15:16  Brood Lord x2  
  97  15:18  Drone  
  97  15:19  Drone x3  
  97  15:21  Extractor  
  104  15:22  Extractor  
  103  15:28  Brood Lord  
  103  15:33  Hatchery  
  88  16:01  Drone  
  88  16:02  Drone x5  
  88  16:05  Extractor  
  88  16:06  Extractor  
  88  16:08  Brood Lord x2  
  86  16:16  Spine Crawler  
  86  16:18  Spine Crawler  
  84  16:20  Spine Crawler  
  84  16:25  Brood Lord  
  81  16:47  Corruptor x2  
  79  16:48  Roach x6  
  79  16:49  Roach x4  
  103  17:04  Roach  
  103  17:05  Roach x3  
  111  17:13  Spire  
  110  17:30  Drone x6  
  116  17:38  Ultralisk Cavern  
  116  17:39  Spine Crawler  
  116  17:44  Evolution Chamber  
  113  17:51  Drone x2  
  112  17:57  Spine Crawler x2  
  109  17:59  Spine Crawler  
  108  18:08  Zergling x2, Roach x3  
  108  18:09  Roach x2  
  108  18:10  Drone x4  
  108  18:12  Drone x3  
  126  18:26  Drone x3  
  129  18:27  Roach x2  
  95  19:00  Roach x6  
  95  19:02  Greater Spire  
  101  19:04  Ultralisk  
  101  19:05  Drone  
  108  19:20  Zerg Ground Armor Level 1  
  107  19:27  Mutalisk x4  
  107  19:30  Drone  
  116  19:34  Drone x2  
  118  20:07  Roach x4  
  118  20:08  Roach x5  
  118  20:09  Drone  
  118  20:10  Drone x2  
  139  20:36  Drone x2  
  139  20:40  Hatchery  
  139  20:41  Roach x2  
  138  21:04  Drone  
  138  21:05  Drone x2  
  138  21:08  Spine Crawler, Corruptor  
  138  21:09  Extractor, Corruptor  
  143  21:11  Spine Crawler  
  143  21:12  Spine Crawler  
  143  21:15  Spine Crawler  
  138  21:31  Drone x2  
  124  21:34  Zergling x6, Ultralisk x2  
  133  21:41  Extractor  
  133  21:42  Extractor  
  131  21:48  Extractor  
  130  21:56  Drone x3  
  130  21:59  Hatchery  
  131  22:20  Corruptor x3  
  137  22:30  Brood Lord  
  137  22:31  Brood Lord  
  137  22:33  Drone x2  
  143  22:42  Brood Lord  
  143  22:43  Brood Lord  
  147  22:47  Drone x3  
  150  22:54  Zerg Melee Weapons Level 1  
  150  22:56  Anabolic Synthesis  
  150  23:07  Overlord x2  
  150  23:14  Drone  
  150  23:15  Drone x2  
  150  23:19  Queen  
  155  23:38  Chitinous Plating  
  155  23:44  Spine Crawler  
  155  23:45  Brood Lord x4  
  155  23:46  Brood Lord  
  155  23:47  Zergling x4  
  166  23:49  Ultralisk  
  171  24:07  Drone  
  172  24:10  Overlord x5  
  172  24:11  Overlord x2  
  172  24:16  Queen  
  166  24:21  Corruptor  
  166  24:22  Corruptor x2  
Tags
 
Add a new tag
Caveats
  • Supply blocks, unpowered buildings, or Contaminate may cause inaccurate times.
  • Supply counts are checked every 10 seconds.